 Dungeon Crawl Stone Soup version 0.23-a0-619-g281719c6f9 (webtiles) character file.

48 HereIgoKillingAgain the Ruffian (level 3, -1/34 HPs)
             Began as a Naga Monk on Dec 23, 2018.
             Slain by Robin
             ... wielding a +0 spear
              (4 damage)
             ... on level 2 of the Dungeon.
             The game lasted 00:01:46 (1192 turns).

HereIgoKillingAgain the Ruffian (Naga Monk)         Turns: 1192, Time: 00:01:47

Health: -1/34      AC:  4    Str: 14    XL:     3   Next: 72%
Magic:  3/3        EV: 10    Int: 10    God:
Gold:   83         SH:  0    Dex: 13    Spells: 2/2 levels left

rFire    . . .     SeeInvis +     - Unarmed
rCold    . . .     Gourm    .   (no shield)
rNeg     . . .     Faith    .   a - +0 robe
rPois    +         Spirit   .   (no helmet)
rElec    .         Reflect  .   (no cloak)
rCorr    .         Harm     .   (no gloves)
MR       .....                  (no barding)
Stlth    ++........             (no amulet)
HPRegen  0.11/turn              i - +2 ring of protection
MPRegen  0.08/turn              (no ring)

@: short of breath, berserk cooldown, slowed, very slow
A: large, see invisible, deformed body, poison resistance, slowness 2, slow
metabolism 1, spit poison 1, AC +1
a: Spit Poison


You were on level 2 of the Dungeon.
You were not hungry.

You visited 1 branch of the dungeon, and saw 2 of its levels.

You collected 83 gold pieces.

Inventory:

Armour
 a - a +0 robe (worn)
 d - a +0 pair of gloves
Jewellery
 i - a +2 ring of protection (left hand)
Scrolls
 e - a scroll of immolation {unknown}
 f - 2 scrolls of identify {unknown}
 g - a scroll of teleportation {unknown}
 h - a scroll of fog {unknown}
 j - a scroll of remove curse {unknown}
Comestibles
 b - 5 rations


   Skills:
 - Level 3.0 Fighting
 - Level 2.4 Dodging
 - Level 3.0 Stealth
 + Level 4.6 Unarmed Combat


You had 2 spell levels left.
You didn't know any spells.
Your spell library was empty.

Dungeon Overview and Level Annotations

Branches:
Dungeon (2/15)

Altars:
Elyvilon

Annotations:
D:2 Robin


Innate Abilities, Weirdness & Mutations

You cannot wear boots.
Your serpentine skin is tough. (AC +1)
You have supernaturally acute eyesight. (SInv)
Armour fits poorly on your strangely shaped body.
Your system is resistant to poisons. (rPois)
You cover ground very slowly.
You have a slow metabolism.
You can spit poison.


Message History

You punch the goblin!
You kill the goblin!
You are no longer berserk.
You are exhausted.
You feel yourself slow down. The goblin hits you but does no damage.
The hobgoblin hits you but does no damage.
The goblin barely misses you.
Press: ? - help, Shift-Dir - straight line, f - Robin
Aim: Robin, wielding a +0 spear, wearing a +0 animal skin and wearing a +0 The splash of poison misses the goblin.
The splash of poison hits Robin.
Robin is lightly wounded.
You feel slightly more hungry.
The hobgoblin no longer looks unusually strong.
Robin roars a battlecry!
The goblins go into a battle-frenzy!
The goblin barely misses you. The hobgoblin hits you.
* * * LOW HITPOINT WARNING * * *
The goblin misses you.
Robin hits you from afar with a +0 spear.
You die...

..........###...###.#
#.#
....................#
#.#
.........###+###....#
#.#
.........###.###.#..###
#.# .....).........#
#.# ...###....#>### #.#
##8#....#.# #.#
##...gggg#.# #.#
###.....#@##.########.#
#8.....g#.##..........#
#.....###.##.########.#
#..g).8# #.##.# #.#
#.....### #.##.# #.#
.......## ..##.# #.#
....... ####.#### #.#
....... #.....# #.#
#8#.... #####..##.# #.#


You could see Robin, a hobgoblin and 2 goblins.

Vanquished Creatures
  An adder (D:2)
  An ooze (D:1)
  A worm (D:2)
  3 dart slugs
  2 hobgoblins (D:1)
  7 bats
  A frilled lizard (D:1)
  7 goblins
  A kobold (D:1)
  4 rats
28 creatures vanquished.

Vanquished Creatures (others)
  A quokka (D:2)
1 creature vanquished.

Grand Total: 29 creatures vanquished

Notes
Turn   | Place    | Note
-------+----------+-------------------------------------------
     0 | D:1      | HereIgoKillingAgain the Naga Monk began the quest for the
                  | Orb.
     0 | D:1      | Reached XP level 1. HP: 21/21 MP: 1/1
    46 | D:1      | Reached XP level 2. HP: 14/28 MP: 2/2
   991 | D:2      | Reached skill level 4 in Unarmed Combat
  1020 | D:2      | Reached XP level 3. HP: 29/34 MP: 3/3
  1107 | D:2      | Found a white marble altar of Elyvilon.
  1167 | D:2      | Noticed Robin
  1192 | D:2      | Slain by Robin

Vault maps used:
D:1:      lightli_arrival_quake
D:2:      elyvilon_altar_4, serial_corexii_hall, corexii_hall_statues_s,
          chequers_hall_statues_y, chequers_hall_statues_y, uniq_sigmund,
          uniq_robin

Skill      XL: |  1  2 |
---------------+-------+-----
Unarmed Combat | 4 |  4.6
Fighting       | |  3.0
Dodging        | |  2.4
Stealth        | |  3.0

Action                   || total
-------------------------++-------
Melee: Unarmed           ||    96
       Punch             ||     1
 Abil: Spit Poison       ||     3
  Use: Potion            ||     1
 Stab: Sleeping          ||     3
Armor: Robe              ||    28
Dodge: Dodged            ||    67

Table legend:
 A = Non-vault XP
 B = Vault XP
 C = Vault XP percentage of total XP
 D = Non-vault monster count
 E = Vault monster count
 F = Vault count percentage of total count
                 A         B        C        D         E       F
            +---------+---------+-------+---------+---------+-------
      Total |      58 |      11 |  15.9 |      22 |       6 |  21.4
            +---------+---------+-------+---------+---------+-------
        D:1 |      28 |       0 |   0.0 |      13 |       0 |   0.0
        D:2 |      30 |      11 |  26.8 |       9 |       6 |  40.0
            +---------+---------+-------+---------+---------+-------
